 Dungeon Crawl Stone Soup version 0.31-a0-1496-g79c7dd0eeb (webtiles) character file.

Game seed: 11475417820962366389

31 mopl the Grasshopper (level 3, -7/28 HPs)
             Began as a Formicid Warper on Dec 29, 2023.
             Mangled by a gnoll
             ... wielding a +0 halberd
              (9 damage)
             ... on level 1 of the Dungeon.
             The game lasted 00:01:07 (1048 turns).

mopl the Grasshopper (Formicid Warper)              Turns: 1048, Time: 00:01:07

Health: -7/28      AC:  5    Str: 17    XL:     3   Next: 40%
Magic:  6/6        EV: 11    Int: 12    God:
Gold:   85         SH:  0    Dex: 13    Spells: 6/6 levels left

rFire   . . .        a - +0 hand axe
rCold   . . .        (no shield)
rNeg    + . .        g - +0 ring mail
rPois   .            (helmet unavailable)
rElec   .            (no cloak)
rCorr   .            (no gloves)
SInv    +            (no boots)
Will    .....        (no amulet)
Stlth   +            e - ring of positive energy
HPRegen 0.24/turn    (no ring)
MPRegen 0.10/turn

%: no passive effects
@: no status effects
A: permanent stasis, dig shafts and tunnels, antennae 3, four strong arms
a: Dig, Shaft Self


You were on level 1 of the Dungeon.
You visited 1 branch of the dungeon, and saw 2 of its levels.

You collected 85 gold pieces.

Inventory:

Hand Weapons
 a - a +0 hand axe (weapon)
Missiles
 c - 7 darts of dispersal
 k - 4 poisoned darts (quivered)
Armour
 g - a +0 ring mail (worn)
Jewellery
 e - a ring of positive energy (left hand)
 l - a ring of protection from cold
Scrolls
 d - a scroll of fog {unknown}
 i - 2 scrolls of fear {unknown}
Potions
 b - a potion of lignification {unknown}
 f - 2 potions of curing {unknown}
 h - a potion of brilliance {unknown}
 j - a potion of magic {unknown}


   Skills:
 + Level 2.6 Fighting
 + Level 2.3 Axes
 - Level 1.0 Throwing
 + Level 1.7 Armour
 + Level 2.1 Dodging
 - Level 2.1 Spellcasting
 + Level 3.0 Translocations


You had 6 spell levels left.
You didn't know any spells.
Your spell library contained the following spells:

 Spells                   Type           Power      Damage    Failure   Level
 Lesser Beckoning         Tloc           16%        N/A       22%         2
 Teleport Other           Tloc           8%         N/A       38%         3
 Manifold Assault         Tloc           8%         N/A       80%         4
 Blink                    Tloc           Unusable   N/A       N/A         2
 Vhi's Electric Charge    Tloc/Air       Unusable   N/A       N/A         4

Dungeon Overview and Level Annotations

Branches:
Dungeon (2/15)

Altars:


Innate Abilities, Weirdness & Mutations

You cannot be hasted, slowed, berserked, paralysed or teleported.
You can dig through walls and to a lower floor.
You have a pair of large antennae on your head. (SInv)
Your four strong arms can wield two-handed weapons with a shield.


Message History

You closely miss the gnoll. The gnoll hits you with a +0 spear.
* * * LOW HITPOINT WARNING * * *
You slash the gnoll!
The gnoll is heavily wounded.
The gnoll barely misses you.
You barely miss the gnoll.
The gnoll is heavily wounded.
The gnoll closely misses you.
You hit the gnoll.
The gnoll is almost dead.
The gnoll hits you with a +0 spear.
* * * LOW HITPOINT WARNING * * *
You hit the gnoll.
You kill the gnoll!
Your Translocations skill increases to level 3!
You see here a +0 spear.
You start resting.
HP restored.
There is a stone staircase leading down, spattered with blood here.
You climb downwards.
The gnoll hits you with a +0 halberd! The gnoll hits you but does no damage.
The gnoll barely misses you.
There is a stone staircase leading up, spattered with blood here.
The gnoll barely misses you. The gnoll completely misses you.
You climb upwards.
There is a stone staircase leading down, spattered with blood here.
You hit the gnoll but do no damage. The gnoll hits you with a +0 halberd.
You are too injured to fight recklessly!
You are too injured to fight recklessly!
You hit the gnoll.
The gnoll is moderately wounded.
The gnoll hits you with a +0 halberd!
* * * LOW HITPOINT WARNING * * *
You hit the gnoll but do no damage.
The gnoll is moderately wounded.
The gnoll hits you with a +0 halberd.
* * * LOW HITPOINT WARNING * * *
You hit the gnoll but do no damage.
The gnoll is moderately wounded.
The gnoll hits you with a +0 halberd!
You die...

#...#...)............##### #
#...######'####..........###
##'#######'###..)....###..##
#.##........#..............
###'##........#..###....#....
#....#........##.#......#....
#....#........##.###....#....
#....#........##.............
#....#......@)#####..########
#....#......g.##............#
#....#........##.#.....####.#
#....#........##.#.#....#.#.#
#....#........##.#.#####..#.#
#....######'####.#.†......#.#
#....######......#######.##.#
#....'....................#.#
#....######...........##..#.#


You could see a gnoll.

Vanquished Creatures
  A gnoll (D:1)
  3 ball pythons (D:1)
  3 bats (D:1)
  An endoplasm (D:1)
  3 hobgoblins (D:1)
  2 kobolds (D:1)
  2 quokkas (D:1)
  3 frilled lizards (D:1)
  2 goblins (D:1)
  A rat (D:1)
21 creatures vanquished.

Notes
Turn   | Place    | Note
-------+----------+-------------------------------------------
     0 | D:1      | mopl the Formicid Warper began the quest for the Orb.
     0 | D:1      | Reached XP level 1. HP: 16/16 MP: 3/3
    55 | D:1      | Found a faded altar of an unknown god.
   133 | D:1      | Reached XP level 2. HP: 15/23 MP: 5/5
   343 | D:1      | Reached skill level 2 in Dodging
   600 | D:1      | Reached XP level 3. HP: 26/28 MP: 6/6
   957 | D:1      | Reached skill level 3 in Translocations
  1048 | D:1      | Mangled by a gnoll

Illustrated notes

Levels and vault maps discovered:
D:1:      erik_arrival_blinker_ship, layout_basic,
          hellmonk_ecumenical_altar_zigzags
D:2:      layout_basic, basic_altar

Skill      XL: |  1  2  3 |
---------------+----------+-----
Dodging        | 2 |  2.1
Translocations | 3 |  3.0
Fighting       | |  2.6
Axes           | |  2.3
Throwing       | |  1.0
Armour         | |  1.7
Spellcasting   | |  2.1

Action                     || total
---------------------------++-------
  Melee: Hand axe          ||    66
 Armour: Leather armour    ||     8
         Ring mail         ||    33
  Dodge: Dodged            ||    45

Table legend: (Time is in decaauts)
 A = Elapsed time spent in this place.
 B = Non-inter-level travel time spent in this place.
 C = Inter-level travel time spent in this place.
 D = Time resting spent in this place.
 E = Time spent auto-exploring this place.
 F = Levels seen in this place.
 G = Mean time per level.
                   A        B        C        D        E       F      G
               +--------+--------+--------+--------+--------+-----+--------+
         Total |   1063 |   1033 |     30 |     82 |    754 |   2 |  531.5 |
       Dungeon |   1063 |   1033 |     30 |     82 |    754 |   2 |  531.5 |
               +--------+--------+--------+--------+--------+-----+--------+

Top non-repeatable levels by time:
     D:1: 1048 daAuts
     D:2: 15 daAuts
